 Dungeon Crawl Stone Soup version 0.25-a0-341-g6f074c887a (webtiles) character file.

Game seed: 3505421072541156723, levelgen mode: deterministic

0 Gargoyl the Skirmisher (level 1, -1/19 HPs)
             Began as a Centaur Abyssal Knight on Dec 30, 2019.
             Was a Follower of Lugonu.
             Slain by a sixfirhy (9 damage)
             ... on level 1 of the Abyss.
             The game lasted 00:00:41 (129 turns).

Gargoyl the Skirmisher (Centaur Abyssal Knight)      Turns: 129, Time: 00:00:41

Health: -1/19      AC:  4    Str: 14      XL:     1   Next: 0%
Magic:  2/2        EV:  9    Int: 11      God:    Lugonu [*.....]
Gold:   23         SH:  0    Dex:  7 (8)  Spells: 0/0 levels left

rFire    . . .     SeeInvis .   a - +1 hand axe
rCold    . . .     Gourm    .   (no shield)
rNeg     . . .     Faith    .   b - +0 leather armour
rPois    .         Spirit   .   (no helmet)
rElec    .         Reflect  .   (no cloak)
rCorr    .         Harm     .   (no gloves)
MR       .....                  (no barding)
Stlth    ..........             (no amulet)
HPRegen  0.00/turn              (no ring)
MPRegen  0.08/turn              (no ring)

@: non-regenerating, diseased, very quick
A: large, hooves 3, deformed body, [deterioration 2], speed 2, [inhibited
regeneration], tough skin 3
a: Depart the Abyss, Renounce Religion


You were on level 1 of the Abyss.
You worshipped Lugonu.
Lugonu was aware of your devotion.
You were not hungry.

You visited 0 branches of the dungeon, and saw 0 of its levels.
You visited the Abyss 1 time.

You collected 23 gold pieces.

Inventory:

Hand Weapons
 a - a +1 hand axe (weapon)
Armour
 b - a +0 leather armour (worn)
Comestibles
 c - a ration


   Skills:
 + Level 3.0 Fighting
 + Level 1.7 Axes
 + Level 1.3 Armour
 + Level 0.6 Dodging
 + Level 2.0 Invocations


You couldn't memorise any spells.
You didn't know any spells.
Your spell library was empty.

Dungeon Overview and Level Annotations

Branches:
Dungeon (0/15)

Altars:


Innate Abilities, Weirdness & Mutations

You have hooves in place of feet.
Armour fits poorly on your strangely shaped body.
You cover ground very quickly.
You have extremely tough skin. (AC +3)
[Your body often deteriorates upon taking damage.]
[You do not regenerate when monsters are visible.]


Message History

A wretched star comes into view.
d - a metallic blue potion
There are no items here.
It was a potion of curing.
You feel better.
A starcursed mass splits.
A starcursed mass splits.
A white imp comes into view.
A chorus of shrieks assaults your mind.
An ancient zyme comes into view.
You feel yourself growing ill in the presence of the ancient zyme.
Found 11 gold pieces.
You feel ill.
The wretched star pulses with an eldritch light!
Your regeneration stops near monsters.
You feel yourself wasting away.
You feel your body start to fall apart.
You see here 11 gold pieces.
You now have 23 gold pieces (gained 11).
The sixfirhy hits you.
Your body deteriorates!
You feel clumsy. The sixfirhy shocks you!
You die...

# .# #. ### ##.
# .. ≈ #.. .##..
.≈≈
###.#..##.#.#
#.≈
.......@..#.#
#..≈≈
###....3..#.#
#..#≈≈
........#...##.#
.≈≈
.....#...#.##
#...#
##..#..#.##...
..#.# ##.#....#
#..#...#
.§§#...# ###.#
#.. ###§...##
#.#.# #.. ##..#


You could see a sixfirhy.

Vanquished Creatures (others)
  A lurking horror (Abyss:1)
1 creature vanquished.

Notes
Turn   | Place    | Note
-------+----------+-------------------------------------------
     0 | Abyss:1  | Gargoyl the Centaur Abyssal Knight began the quest for the
                  | Orb.
     0 | Abyss:1  | Reached XP level 1. HP: 19/19 MP: 2/2
    29 | Abyss:1  | Noticed a small abomination
    34 | Abyss:1  | Noticed a small abomination
    36 | Abyss:1  | Noticed an eye of devastation
    61 | Abyss:1  | Noticed a tentacled starspawn
    86 | Abyss:1  | Noticed a starcursed mass
    94 | Abyss:1  | Noticed a wretched star
   102 | Abyss:1  | Noticed an ancient zyme
   127 | Abyss:1  | Noticed a sixfirhy
   129 | Abyss:1  | Slain by a sixfirhy

Levels and vault maps discovered:
Abyss:1:  hangedman_abyss_batty_box, lemuel_firewalk_3, minivault_5,
          minivault_26

Action                   || total
-------------------------++-------
  Use: Scroll            ||     1
       Potion            ||     1

Table legend:
 A = Non-vault XP
 B = Vault XP
 C = Vault XP percentage of total XP
 D = Non-vault monster count
 E = Vault monster count
 F = Vault count percentage of total count
                 A         B        C        D         E       F
            +---------+---------+-------+---------+---------+-------
      Total |       0 |       0 |   N/A |       0 |       0 |  -nan
            +---------+---------+-------+---------+---------+-------
            +---------+---------+-------+---------+---------+-------
